 Dungeon Crawl Stone Soup version 0.21-a0-84-g85d6d27 (webtiles) character file.

235 grindst0ne the Shield-Bearer (level 6, -16/47 HPs)
             Began as a Formicid Fighter on June 24, 2017.
             Blown up by Pikel (22 damage)
             ... with a wand of disintegration (?/24)
             ... on level 4 of the Dungeon.
             The game lasted 00:04:49 (3441 turns).

grindst0ne the Shield-Bearer (Formicid Fighter)     Turns: 3441, Time: 00:04:50

Health: -16/47     AC:  6    Str: 20    XL:     6   Next: 27%
Magic:  6/6        EV:  9    Int:  8    God:
Gold:   128        SH: 10    Dex: 12    Spells: 5/5 levels left

rFire    . . .     SeeInvis +   a - +0 war axe
rCold    . . .     Gourm    .   c - +0 shield
rNeg     . . .     Faith    .   g - +0 ring mail (curse)
rPois    .         Spirit   .   (helmet unavailable)
rElec    .         Reflect  .   (no cloak)
rCorr    .         Harm     .   (no gloves)
MR       .....                  (no boots)
Stlth    +.........             (no amulet)
HPRegen  0.15/turn              (no ring)
MPRegen  0.10/turn              (no ring)

@: no status effects
A: permanent stasis, dig shafts and tunnels, four strong arms, antennae 3
a: Dig, Shaft Self


You were on level 4 of the Dungeon.
You were not hungry.

You visited 1 branch of the dungeon, and saw 4 of its levels.

You collected 128 gold pieces.

Inventory:

Hand Weapons
 a - a +0 war axe (weapon)
 u - a +1 hand axe of flaming
Armour
 b - a +0 scale mail
 c - a +0 shield (worn)
 g - a cursed +0 ring mail (worn)
Wands
 s - a wand of confusion (13/48)
 y - a wand of acid (9/15)
Scrolls
 h - a scroll of fear {unknown}
 i - 2 scrolls of teleportation {unknown}
 j - a scroll of magic mapping {unknown}
 l - a scroll of immolation {unknown}
 m - a scroll of noise {unknown}
 n - a scroll of identify {unknown}
 r - 2 scrolls of remove curse {unknown}
 z - a scroll of fog {unknown}
Potions
 d - a potion of might
 e - 4 potions of flight {unknown}
 k - a potion of mutation {unknown}
 p - a potion of heal wounds {unknown}
 t - a potion of haste {unknown}
 v - a potion of curing {unknown}
 x - a potion of agility {unknown}
Comestibles
 f - 3 bread rations
 o - a meat ration
 q - a royal jelly


   Skills:
 - Level 3.2 Fighting
 - Level 2.0 Axes
 + Level 4.9 Armour
 * Level 6.8 Shields


You had 5 spell levels left.
You didn't know any spells.

Dungeon Overview and Level Annotations

Branches:
Dungeon (4/15)
 Temple: D:4-7

Altars:

Annotations:
D:4 Pikel


Innate Abilities, Weirdness & Mutations

You cannot be hasted, slowed, berserked, paralysed or teleported.
You can dig through walls and to a lower floor.
Your four strong arms can wield two-handed weapons with a shield.
You have a pair of large antennae on your head. (SInv)


Message History

You closely miss Pikel.
Pikel is heavily wounded.
Pikel zaps a wand.
You are blasted!
* * * LOW HITPOINT WARNING * * *
Okay, then.
You extend your mandibles.
You dig through the rock wall.
A slave comes into view.
The slave shouts!
The slave closely misses you.
You dig through the rock wall.
You hear a shout!
You retract your mandibles.
Pikel zaps a wand.
You struggle to resist.
A slave comes into view.
The slave shouts!
You extend your mandibles.
You dig through the rock wall.
You retract your mandibles.
Pikel zaps a wand.
You are blasted!
You die...

#....#.#
##.....### #
#...#...#.#
#...###.#.### ...
##..........#
...###..###.#.#.#
.........#<.#.# #
....###..#..# ....
### ..#..#@.#.....
#####.#..#........
...#.#...###.#+##
#.#...K.)...#
#.....pp###.#.##
#......p.$......
#.#.##.p###.#.#p
#..##....#
#.#p#....#


You could see Pikel and 4 slaves.

Vanquished Creatures
  2 orc priests (D:3)
  A centaur skeleton (D:4)
  6 adders
  An ooze (D:3)
  3 worms
  A dart slug (D:1)
  2 orcs (D:3)
  9 bats
  3 giant cockroaches
  11 goblins
  6 hobgoblins
  10 jackals
  6 kobolds
  2 quokkas (D:3)
  A ball python (D:2)
  3 frilled lizards
  4 rats
71 creatures vanquished.

Notes
Turn   | Place    | Note
-------+----------+-------------------------------------------
     0 | D:1      | grindst0ne the Formicid Fighter began the quest for the Orb.
     0 | D:1      | Reached XP level 1. HP: 18/18 MP: 1/1
    74 | D:1      | Reached skill level 4 in Shields
    74 | D:1      | Reached XP level 2. HP: 20/24 MP: 2/2
   444 | D:1      | Reached XP level 3. HP: 26/29 MP: 3/3
   737 | D:2      | Reached skill level 5 in Shields
   930 | D:2      | Reached XP level 4. HP: 32/35 MP: 4/4
  2102 | D:3      | Noticed a two-headed ogre
  2274 | D:3      | Reached XP level 5. HP: 40/41 MP: 5/5
  2749 | D:3      | Reached skill level 6 in Shields
  3049 | D:3      | Reached XP level 6. HP: 47/47 MP: 6/6
  3409 | D:4      | Noticed a slave
  3412 | D:4      | Noticed Pikel
  3414 | D:4      | Noticed a slave
  3434 | D:4      | Noticed a slave
  3438 | D:4      | Noticed a slave
  3441 | D:4      | Blown up by Pikel

Vault maps used:
D:1:      dpeg_arrival_chambers_temple_mockup, dk_noncrumbling_3
D:3:      wad_pebble_path
D:4:      nemelex_xobeh_ov_fountains_minmay, first_bread, uniq_pikel,
          uniq_grinder, uniq_robin

Skill      XL: |  1  2  3  4  5 |
---------------+----------------+-----
Shields        | 4 5 6 |  6.8
Armour         | 4 |  4.9
Fighting       | |  3.2
Axes           | |  2.0

Action                   |  1- 3 |  4- 6 || total
-------------------------+-------+-------++-------
Melee: War axe           |    95 |   161 ||   256
 Abil: Dig               |       |     5 ||     5
  Eat: Chunk             |       |     9 ||     9
Armor: Scale mail        |    44 |    24 ||    68
       Ring mail         |       |    34 ||    34
Dodge: Dodged            |    36 |    67 ||   103
Block: Shield            |    59 |    99 ||   158
